 Dungeon Crawl Stone Soup version 0.14.0-24-gfb45beb (webtiles) character file.

5876 Qrupt the Carver (level 10, -8/67 HPs)
             Began as a Demonspawn Gladiator on Apr 22, 2014.
             Was a Follower of Ashenzari.
             Mangled by a komodo dragon (21 damage)
             ... on Level 9 of the Dungeon.
             The game lasted 00:28:14 (11616 turns).

Qrupt the Carver (Demonspawn Gladiator)            Turns: 11616, Time: 00:28:29

HP  -8/67        AC 10     Str 16      XL: 10   Next: 37%
MP  10/10        EV 12     Int  9      God: Ashenzari [*.....]
Gold 589         SH  0     Dex 17      Spells:  0 memorised,  9 levels left

rFire  + . .     SeeInvis .     d - +0,+4 falchion
rCold  + . .     Clarity  .     z - +2 leather armour {rC+} (curse)
rNeg   . . .     Conserve .     (no shield)
rPois  .         rCorr    .     c - +0 helmet (curse)
rElec  .         rRot     .     o - +0 cloak
SustAb . .       Spirit   .     (no gloves)
rMut   .         Warding  .     (no boots)
Saprov . . .     Stasis   .     (no amulet)
MR     .....                    (no ring)
                                (no ring)

@: very slightly contaminated, not resistant to hostile enchantments, unstealthy
A: yellow scales 2, conserve scrolls, demonic guardian 1, fire resistance 1,
ignite blood
a: Renounce Religion


You were on level 9 of the Dungeon.
You worshipped Ashenzari.
Ashenzari was aware of your devotion.
You were not hungry.

You visited 1 branch of the dungeon, and saw 9 of its levels.

You collected 589 gold pieces.

Inventory:

Hand weapons
 d - a +0,+4 falchion (weapon)
Armour
 c - a cursed +0 helmet (worn)
 o - a +0 cloak (worn)
 z - a cursed +2 leather armour of cold resistance (worn)
 F - a +0 fire dragon armour
 K - a +0 troll leather armour
Magical devices
 b - a wand of frost (1)
 q - a wand of disintegration (13)
 x - a wand of paralysis (3)
 H - a wand of teleportation (1)
 I - a wand of disintegration (9)
Comestibles
 g - 2 meat rations
 J - 2 bread rations
Scrolls
 f - 2 scrolls of blinking
 i - 2 scrolls of enchant weapon II
 k - 2 scrolls of enchant weapon I
 m - 6 scrolls of teleportation
 r - a scroll of recharging
 s - 3 scrolls of enchant armour
 t - 4 scrolls of remove curse
 v - 2 scrolls of fear {unknown}
 y - a scroll of curse armour
 A - 2 scrolls of amnesia {unknown}
 E - 5 scrolls of identify
 G - a scroll of noise {unknown}
Jewellery
 u - a +3 ring of intelligence
 w - an uncursed amulet of stasis
 L - a +1 ring of strength
Potions
 a - 2 potions of restore abilities
 e - 5 potions of curing
 h - a potion of haste {unknown}
 j - 2 potions of heal wounds
 l - a potion of brilliance {unknown}
 n - 3 potions of flight
 p - a potion of might {unknown}
 B - 2 potions of paralysis {unknown}
 C - a potion of invisibility {unknown}
 M - a potion of magic {unknown}
Books
 D - a book of Party Tricks

   Spells                             Type                      Level
   Summon Butterflies                 Summoning                    1
   Apportation                        Translocation                1
   Blink                              Translocation                2
   Alistair's Intoxication            Transmutation/Poison         4
   Tukima's Dance                     Hexes                        5


   Skills:
 - Level 2.0 Fighting
 + Level 13.8 Long Blades
 - Level 1.7 Throwing
 - Level 2.6 Dodging


You had 9 spell levels left.
You didn't know any spells.

Dungeon Overview and Level Annotations

Branches:
Dungeon (9/15)             Temple (0/1) D:6            Lair (0/8) D:9
    Orc: D:9-12

Altars:
Ashenzari
Fedhas
Nemelex Xobeh
Vehumet


Innate Abilities, Weirdness & Mutations

You are mostly covered in yellow scales (AC +3).
You are very good at protecting items from fire.
A weak demonic guardian rushes to your aid.
Your flesh is heat resistant.
Your demonic aura causes spilled blood to erupt in flames.


Message History

You hit the orc warrior.
The orc warrior is lightly wounded.
The orc warrior hits you with a mace!
* * * LOW HITPOINT WARNING * * *
You are too injured to fight recklessly!
Read which item? (? for menu, Esc to quit)
Blink to where?
Press: ? - help, Dir - move target cursor
As you read the scroll of blinking, it crumbles to dust.
You are very lightly contaminated with residual magic.
Read which item? (? for menu, Esc to quit)
As you read the scroll of teleportation, it crumbles to dust.
You feel strangely unstable.
Your surroundings suddenly seem different.
A komodo dragon comes into view.
The komodo dragon hisses angrily.
A centaur comes into view.
The centaur shouts!
The komodo dragon bites you!
You die...

...... #..o.#...###
......####...#....#
#..>.#...o.##...##
#....)>.<.###...<#
###...o..## ##...##
########## #....#


PPPPPPPPP####...# PPPPPP..lPP#.....# .PPPP..>@PP#....## ..PPPP..PPP#...##
.cPPPPPPPP#.#### .....PP..P#....## ..?P..PP.##.....## #.....####......# ...##
####...# ## #....# #...## You could see a komodo dragon and a centaur.

Vanquished Creatures
  Pikel (D:5)
  Grinder (D:5)
  2 hungry ghosts (D:8)
  Eustachio (D:5)
  A hippogriff (D:8)
  A water moccasin (D:8)
  An ice beast (D:8)
  3 slaves (D:5)
  2 black bears
  2 orc warriors
  2 sky beasts (D:7)
  7 ogres
  6 centaurs
  2 big kobolds
  3 giant frogs
  A wight (D:8)
  A water moccasin skeleton (D:8)
  3 scorpions
  10 killer bees (D:8)
  4 crimson imps
  A goliath beetle (D:7)
  5 hounds
  3 orc priests (D:5)
  A jelly (D:9)
  4 orc wizards
  4 iguanas
  6 worker ants
  A big kobold zombie (D:8)
  An ogre skeleton (D:7)
  An ogre zombie (D:8)
  A worker ant zombie (D:7)
  6 gnolls
  10 adders
  A shadow imp (D:8)
  A giant mite (D:1)
  An ufetubus (D:8)
  An adder zombie (D:8)
  3 giant eyeballs
  An ooze (D:3)
  29 orcs
  6 giant cockroaches
  13 hobgoblins
  13 jackals
  27 kobolds
  6 quokkas
  A ball python (D:3)
  12 bats
  2 giant geckos
  7 giant newts
  12 goblins
  2 orc zombies
  18 rats
  A ballistomycete (D:7)
255 creatures vanquished.

Vanquished Creatures (collateral kills)
  The ghost of inmateoo the Ruinous, an average DECj (D:5)
  An orc warrior (D:6)
  A killer bee (D:8)
  A hound (D:4)
  2 worker ants (D:4)
  2 gnolls
  2 orcs
  A giant cockroach (D:4)
  A goblin (D:5)
  A bat (D:7)
  A giant newt (D:7)
14 creatures vanquished.

Vanquished Creatures (others)
  10 crimson imps
  6 quasits
  5 iron imps
  6 white imps
  7 ufetubi
  An orc (D:3)
  A giant spore (D:7)
36 creatures vanquished.

Grand Total: 305 creatures vanquished

Notes
Turn   | Place    | Note
--------------------------------------------------------------
     0 | D:1      | Qrupt, the Demonspawn Gladiator, began the quest for the Orb.
     0 | D:1      | Reached XP level 1. HP: 16/16 MP: 1/1
   119 | D:1      | Reached skill level 3 in Long Blades
   549 | D:1      | Gained mutation: A weak demonic guardian rushes to your aid. [demonic ancestry]
   549 | D:1      | Reached XP level 2. HP: 22/22 MP: 2/2
   913 | D:1      | Gained mutation: You are partially covered in yellow scales (AC +2). [demonic ancestry]
   913 | D:1      | Reached XP level 3. HP: 27/27 MP: 3/3
  1311 | D:2      | Reached skill level 4 in Long Blades
  1613 | D:2      | Gained mutation: You are very good at protecting items from fire. [demonic ancestry]
  1613 | D:2      | Reached XP level 4. HP: 23/33 MP: 4/4
  2020 | D:2      | Reached skill level 5 in Long Blades
  2122 | D:2      | Reached XP level 5. HP: 21/38 MP: 5/5
  3983 | D:4      | Reached skill level 6 in Long Blades
  4144 | D:4      | Gained mutation: You are mostly covered in yellow scales (AC +3). [demonic ancestry]
  4144 | D:4      | Reached XP level 6. HP: 39/44 MP: 6/6
  4321 | D:4      | Noticed an ogre
  4329 | D:4      | Killed an ogre
  4716 | D:4      | Reached skill level 7 in Long Blades
  4830 | D:4      | Found a sparkling altar of Nemelex Xobeh.
  4843 | D:4      | Found a shattered altar of Ashenzari.
  5158 | D:4      | Noticed an ogre
  5168 | D:4      | Killed an ogre
  5168 | D:4      | Gained mutation: Your flesh is heat resistant. [demonic ancestry]
  5168 | D:4      | Reached XP level 7. HP: 39/50 MP: 7/7
  5315 | D:4      | Became a worshipper of Ashenzari the Shackled
  5363 | D:5      | Entered Level 5 of the Dungeon
  5589 | D:5      | Noticed inmateoo's ghost (average DECj)
  5600 | D:5      | Killed inmateoo's ghost
  5600 | D:5      | Reached skill level 8 in Long Blades
  5690 | D:5      | Noticed Eustachio
  5699 | D:5      | Killed Eustachio
  5861 | D:5      | Paralysed by a giant eyeball for 4 turns
  5914 | D:5      | Reached skill level 9 in Long Blades
  5914 | D:5      | Gained mutation: Your demonic aura causes spilled blood to erupt in flames. [demonic ancestry]
  5914 | D:5      | Reached XP level 8. HP: 41/56 MP: 8/8
  6006 | D:5      | Noticed Grinder
  6459 | D:5      | Noticed Pikel
  6486 | D:5      | Killed Pikel
  6486 | D:5      | Reached skill level 10 in Long Blades
  6500 | D:5      | Killed Grinder
  7042 | D:6      | Found a radiant altar of Vehumet.
  7113 | D:6      | Reached skill level 11 in Long Blades
  7113 | D:6      | Reached XP level 9. HP: 57/61 MP: 9/9
  7498 | D:6      | Found a staircase to the Ecumenical Temple.
  7843 | D:6      | Found a blossoming altar of Fedhas.
  9193 | D:7      | Reached skill level 12 in Long Blades
 10305 | D:8      | Reached skill level 13 in Long Blades
 10396 | D:8      | Reached XP level 10. HP: 64/67 MP: 10/10
 11528 | D:9      | Paralysed by a giant eyeball for 3 turns
 11616 | D:9      | Found a staircase to the Lair.
 11616 | D:9      | Mangled by a komodo dragon

Action                   |  1- 3 |  4- 6 |  7- 9 | 10-12 || total
-------------------------+-------+-------+-------+-------++-------
Melee: Long sword        |   157 |   259 |    35 |       ||   451
       Falchion          |       |       |   440 |   161 ||   601
Throw: Throwing net      |       |     6 |     1 |       ||     7
Evoke: Wand              |       |       |       |    12 ||    12
  Use: Scroll            |       |       |    16 |     2 ||    18
       Potion            |       |       |     9 |       ||     9
 Stab: Held in net/web   |       |     2 |     2 |       ||     4
       Distracted        |       |     1 |     1 |     1 ||     3
       Sleeping          |       |       |     1 |     1 ||     2
       Paralysed         |       |       |       |     7 ||     7
       Fleeing           |       |       |       |     1 ||     1
